 Dungeon Crawl Stone Soup version 0.28-a0-1594-ga885d4b3d6 (webtiles) character file.

Game seed: 1652145594426165474

10340 greynaab the Spear-Bearer (level 11, -3/100 HPs)
             Began as an Octopode Berserker on Jan 20, 2022.
             Was a Priest of Trog.
             Slain by a blink frog (15 damage)
             ... on level 1 of the Lair of Beasts.
             The game lasted 00:28:23 (12879 turns).

greynaab the Spear-Bearer (Octopode Berserker)     Turns: 12879, Time: 00:28:23

Health: -3/100     AC:  5    Str: 19    XL:     11   Next: 60%
Magic:  11/11      EV: 16    Int: 10    God:    Trog [***...]
Gold:   736        SH:  6    Dex: 13    Spells: 10/10 levels left

rFire   . . .      SeeInvis +   a - +5 flail
rCold   . . .      Faith    .   d - +1 buckler
rNeg    . . .      Spirit   .   (helmet restricted)
rPois   .          Reflect  .   (no amulet)
rElec   .          Harm     .   D - +4 ring of protection
rCorr   .          Rampage  .   p - ring of see invisible
Will    ++...                   (no ring)
Stlth   ..........              (no ring)
HPRegen 1.26/turn               (no ring)
MPRegen 0.12/turn               (no ring)
                                (no ring)
                                (no ring)

@: berserking, lethally poisoned (-3 -> -4), strong-willed, regenerating, very
quick
A: almost no armour, amphibious, 8 rings, camouflage 1, gelatinous body 1,
(nimble swimmer 1), tentacles
a: Renounce Religion, Berserk, Trog's Hand


You were on level 1 of the Lair of Beasts.
You worshipped Trog.
Trog was most pleased with you.
You visited 2 branches of the dungeon, and saw 12 of its levels.

You collected 736 gold pieces.

Inventory:

Hand Weapons
 a - a +5 flail (weapon)
 b - a +0 trident
 f - a +0 dagger of electrocution
 n - a +3 whip of freezing
 r - a +0 morningstar
Missiles
 c - 207 arrows
 k - a throwing net
 l - 37 sling bullets
 m - 330 stones
 s - 7 boomerangs
 y - 10 poisoned darts (quivered)
Armour
 d - a +1 buckler (worn)
 J - a +0 tower shield
Jewellery
 j - a ring of ice
 p - a ring of see invisible (right tentacle)
 D - a +4 ring of protection (left tentacle)
Wands
 g - a wand of digging (6)
 v - a wand of iceblast (7)
 x - a wand of polymorph (7)
 z - a wand of acid (1)
 G - a wand of flame (8)
 H - a wand of mindburst (5)
Scrolls
 e - 3 scrolls of fear
 h - 2 scrolls of vulnerability
 o - 3 scrolls of teleportation
 q - a scroll of enchant weapon
 t - a scroll of fog
 B - a scroll of enchant armour
 C - a scroll of summoning
 E - a scroll of immolation
Potions
 i - 5 potions of curing
 u - a potion of invisibility
 w - a potion of ambrosia
 A - a potion of brilliance {unknown}
 F - a potion of resistance {unknown}
 I - a potion of cancellation {unknown}


   Skills:
 - Level 3.0 Fighting
 - Level 10.0 Maces & Flails
 - Level 11.8 Polearms
 - Level 8.5 Dodging
 + Level 5.6 Shields


You had 10 spell levels left.
You didn't know any spells.
Your spell library was empty.

Dungeon Overview and Level Annotations

Branches:
Dungeon (11/15)            Temple (0/1) D:6            Lair (1/6) D:8
    Orc (0/2) D:9

Altars:
Ashenzari
Elyvilon
Fedhas
Makhleb
Nemelex Xobeh
Okawaru
Qazlal
Wu Jian
Xom
Yredelemnul

Shops:
D:1 (   D:9 (

Annotations:
D:10 exclusion: downstairs


Innate Abilities, Weirdness & Mutations

You cannot wear most types of armour.
You are amphibious.
You can wear up to eight rings at the same time.
Your skin changes colour to match your surroundings (Stealth+).
Your rubbery body absorbs attacks. (AC +1, EV +1)
((You are camouflaged when in or above water. (Stealth+)))
You have tentacles for arms and can constrict up to eight enemies at once.


Message History

You hit the cane toad.
You squeeze the cane toad, but do no damage.
The cane toad is severely wounded.
You constrict the cane toad, but do no damage.
You feel sick. The cane toad barely misses you.
You sock the cane toad!
The cane toad is almost dead.
You constrict the cane toad.
You feel sick. The cane toad stings you!!
You are too injured to fight recklessly!
You are too injured to fight recklessly!
Unknown command.
Your skin crawls.
You feel strong-willed.
You constrict the cane toad, but do no damage.
You feel sick. The blink frog completely misses you. The cane toad stings you!
The blink frog barely misses you.
A red film seems to cover your vision as you go berserk!
You feel yourself moving faster!
You feel mighty!
You constrict the cane toad.
You kill the cane toad!
Trog accepts your kill.
You feel sick. The blink frog hits you!
* * * LOW HITPOINT WARNING * * *
You barely miss the blink frog. Your grab misses the blink frog.
You feel sick. You block the blink frog's attack.
The blink frog blinks!
You thump the blink frog! Your grab misses the blink frog.
The blink frog is moderately wounded.
The blink frog completely misses you.
You closely miss the blink frog. Your grab misses the blink frog.
The blink frog is moderately wounded.
You feel sick. The blink frog closely misses you.
You sock the blink frog! Your grab misses the blink frog.
Your squeeze misses the blink frog.
The blink frog is heavily wounded.
You feel sick. The blink frog hits you!
* * * LOW HITPOINT WARNING * * *
The blink frog blinks!
You see here a cane toad corpse.
You miss the blink frog. Your grab misses the blink frog.
Your squeeze misses the blink frog.
You feel sick. The blink frog hits you!
You die...

#........## ##......F..#≈...≈
#........P# ##.......F..# ...
P.........###........#..≈≈..
.
#....<...###.....F..##..##≈..
#...÷....##..........##..≈ ≈.
........P##.......#### .≈≈. ≈
.........#.......## ...≈.
.............###.# ...♣≈
.............###@#
.............#≈#F#
.............#≈#.#
...##....##...≈..#
...#.#...#....≈..#
P...##......#.≈.##
#.........##.#≈##
##........####≈# #........##
#≈#


You could see 2 blink frogs.

Vanquished Creatures
  Erica (D:8)
  A two-headed ogre (D:9)
  Pikel (D:6)
  A gargoyle (D:10)
  2 cane toads (Lair:1)
  A troll (D:9)
  A blink frog (Lair:1)
  A meliai zombie (D:6)
  Sigmund (D:6)
  10 yaks
  2 wyverns
  A wraith (D:10)
  2 wargs (D:8)
  2 acid dragons
  5 water moccasins
  2 hornet zombies
  A black bear (D:6)
  An ice beast (D:5)
  A sky beast (D:8)
  8 orc warriors
  2 ogres
  4 centaurs
  2 phantoms
  2 lemures (D:6)
  A gnoll sergeant (D:6)
  A kobold brigand (D:8)
  2 scorpions (D:7)
  5 bullfrogs
  A water moccasin zombie (D:5)
  14 wights
  3 centaur zombies
  A bullfrog zombie (D:7)
  3 hounds
  A jelly (D:4)
  8 orc priests
  A bullfrog skeleton (D:6)
  A centaur skeleton (D:7)
  2 iguanas
  11 orc wizards
  A killer bee zombie (D:5)
  A hound zombie (D:3)
  12 gnolls
  3 howler monkey zombies
  5 adders
  2 shadow imps
  A white imp (D:5)
  3 adder skeletons (D:4)
  3 dart slugs
  28 orcs
  8 ball pythons
  6 endoplasms
  A giant cockroach (D:1)
  6 goblins
  5 hobgoblins
  4 jackals (D:1)
  5 quokkas
  7 bats
  2 frilled lizards (D:1)
  10 kobolds
  6 rats
229 creatures vanquished.

Vanquished Creatures (others)
  A fungus (Lair:1)
1 creature vanquished.

Grand Total: 230 creatures vanquished

Notes
Turn   | Place    | Note
-------+----------+-------------------------------------------
     0 | D:1      | greynaab the Octopode Berserker began the quest for the
                  | Orb.
     0 | D:1      | Reached XP level 1. HP: 16/16 MP: 1/1
   231 | D:1      | Reached XP level 2. HP: 17/21 MP: 2/2
   505 | D:1      | Reached XP level 3. HP: 7/26 MP: 3/3
   817 | D:1      | Reached ** piety under Trog
   975 | D:1      | Found Cisol's Antique Weapon Boutique.
  1352 | D:2      | Reached XP level 4. HP: 31/31 MP: 4/4
  1455 | D:2      | Reached skill level 4 in Polearms
  2389 | D:3      | Reached XP level 5. HP: 36/36 MP: 5/5
  2421 | D:3      | Found a blossoming altar of Fedhas.
  2421 | D:3      | Found a shimmering altar of Xom.
  2638 | D:3      | Found a sparkling altar of Nemelex Xobeh.
  3185 | D:4      | Reached skill level 5 in Polearms
  3189 | D:4      | Reached XP level 6. HP: 35/42 MP: 6/6
  3743 | D:4      | Reached skill level 6 in Polearms
  3965 | D:5      | Entered Level 5 of the Dungeon
  4007 | D:5      | Reached XP level 7. HP: 35/46 MP: 7/7
  4074 | D:5      | Reached skill level 7 in Polearms
  4298 | D:5      | Reached skill level 8 in Polearms
  4423 | D:5      | Found a white marble altar of Elyvilon.
  4611 | D:5      | Reached XP level 8. HP: 10/52 MP: 8/8
  5157 | D:6      | Noticed Pikel
  5256 | D:6      | Reached skill level 9 in Polearms
  5341 | D:6      | Noticed Sigmund
  5763 | D:6      | Killed Sigmund
  5764 | D:6      | Reached skill level 10 in Polearms
  6378 | D:6      | Reached skill level 11 in Polearms
  6378 | D:6      | Reached XP level 9. HP: 35/56 MP: 9/9
  6393 | D:6      | Killed Pikel
  6491 | D:6      | Found a staircase to the Ecumenical Temple.
  6755 | D:7      | Reached skill level 1 in Maces & Flails
  6868 | D:7      | Found a basalt altar of Yredelemnul.
  7075 | D:7      | Reached *** piety under Trog
  7324 | D:7      | Found a broken altar of Ashenzari.
  7434 | D:7      | Found an iron altar of Okawaru.
  7503 | D:7      | Reached skill level 5 in Maces & Flails
  8313 | D:8      | Reached XP level 10. HP: 63/63 MP: 10/10
  8429 | D:8      | Noticed Erica
  8459 | D:8      | Killed Erica
  9429 | D:8      | Found a staircase to the Lair.
  9823 | D:9      | Noticed a two-headed ogre
 10230 | D:9      | Reached skill level 10 in Maces & Flails
 10327 | D:9      | Found Jubi's Antique Weapon Emporium.
 10402 | D:9      | Reached skill level 5 in Dodging
 10402 | D:9      | Reached skill level 1 in Shields
 10577 | D:9      | Killed a two-headed ogre
 10578 | D:9      | Reached XP level 11. HP: 67/67 MP: 11/11
 10854 | D:9      | Found a stormy altar of Qazlal.
 10876 | D:9      | Found an ornate altar of the Wu Jian Council.
 11021 | D:9      | Found a burning altar of Makhleb.
 11283 | D:9      | Found a staircase to the Orcish Mines.
 11397 | D:10     | Entered Level 10 of the Dungeon
 11785 | D:10     | Reached skill level 5 in Shields
 12208 | D:11     | Noticed a death knight
 12429 | Lair:1   | Entered Level 1 of the Lair of Beasts
 12879 | Lair:1   | Slain by a blink frog

Illustrated notes

Levels and vault maps discovered:
D:1:      minmay_arrival_four_circles, layout_basic, serial_shops, shop_statue,
          hangedman_abyss_or_decor_stabs, minmay_misc_feat_more_columns
D:2:      layout_basic
D:3:      minmay_evil_eye, layout_rooms, nemelex_altar_shiori,
          jmf_multi_god_temple, corexii_leaking_fountain
D:4:      layout_loops_corners
D:5:      layout_basic, lemuel_tele_altar
D:6:      layout_cave_pools, minmay_temple_entry_arrows, uniq_sigmund,
          uniq_pikel
D:7:      layout_loops_ring, mainiacjoe_overflow_catwalk_spiral,
          lemuel_zombie_altar_yredelemnul
D:8:      layout_loops_ring, erik_lair_orcish_takeover, uniq_erica
D:9:      layout_basic, mainiacjoe_overflow_surrounded_room,
          pdpol_wu_jian_five_deadly_venoms, grunt_qazlal_clouds, david_orc_4,
          serial_shops, nicolae_shop_crystal, minmay_tree_intersection,
          minmay_diced_spiral
D:10:     layout_basic
D:11:     layout_long_grid, gauntlet_entry_generic
Lair:1:   layout_hall_layers, serial_rivers, chequers_serial_rivers_room_a,
          chequers_serial_rivers_micro_c, chequers_serial_rivers_micro_a,
          chequers_serial_rivers_marsh, chequers_serial_rivers_marsh,
          chequers_serial_rivers_micro_b, lemuel_old_faithful

Skill      XL: |  1  2  3  4  5  6  7  8  9 10 11 |
---------------+----------------------------------+-----
Dodging        | 4 5 8 |  8.5
Polearms       | 4 5 6 8 11 | 11.8
Maces & Flails | 6 10 | 10.0
Shields        | 3 5 |  5.6
Fighting       | |  3.0

Action                   |  1- 3 |  4- 6 |  7- 9 | 10-12 || total
-------------------------+-------+-------+-------+-------++-------
Melee: Spear             |    73 |    40 |       |       ||   113
       Constrict         |    12 |    25 |    32 |    32 ||   101
       Tentacles         |    10 |    16 |    42 |    57 ||   125
       Punch             |     1 |     3 |     4 |     3 ||    11
       Trident           |       |    76 |   238 |   113 ||   427
       Flail             |       |       |       |   154 ||   154
Throw: Stone             |       |       |     5 |     2 ||     7
       Dart              |       |       |     8 |    22 ||    30
Invok: Berserk           |       |     1 |    14 |    15 ||    30
       Trog's Hand       |       |     1 |     5 |     7 ||    13
Evoke: Wand              |       |       |       |    15 ||    15
  Use: Potion            |       |       |     2 |     2 ||     4
       Scroll            |       |       |       |    14 ||    14
 Stab: Sleeping          |    11 |    14 |     2 |     4 ||    31
       Distracted        |       |       |       |     1 ||     1
Armor: Skin              |     7 |     3 |     4 |    18 ||    32
Dodge: Dodged            |    29 |    32 |    83 |   124 ||   268
Block: Buckler           |     4 |     3 |    22 |    32 ||    61

Table legend: (Time is in decaauts)
 A = Elapsed time spent in this place.
 B = Non-inter-level travel time spent in this place.
 C = Inter-level travel time spent in this place.
 D = Time resting spent in this place.
 E = Time spent auto-exploring this place.
 F = Levels seen in this place.
 G = Mean time per level.
                   A        B        C        D        E       F      G
               +--------+--------+--------+--------+--------+-----+--------+
         Total |  13051 |  12495 |    556 |   4203 |   6237 |  12 | 1087.6 |
       Dungeon |  12595 |  12039 |    556 |   4041 |   6088 |  11 | 1145.0 |
          Lair |    456 |    456 |      0 |    161 |    149 |   1 |  456.0 |
               +--------+--------+--------+--------+--------+-----+--------+

Top non-repeatable levels by time:
     D:8: 1797 daAuts
     D:5: 1718 daAuts
     D:7: 1544 daAuts
     D:9: 1482 daAuts
     D:1: 1227 daAuts
     D:2: 1126 daAuts
     D:4: 1092 daAuts
     D:6: 1070 daAuts
    D:10: 1003 daAuts
     D:3: 528 daAuts
  Lair:1: 456 daAuts
    D:11: 4 daAuts
